| TOP OF THE 1ST |
|
Tulsa Drillers batting - Pitching for Denver Bears : RHP Chris Rentz
|
|
Pitching: RHP Chris Rentz
|
|
|
Batting: RHB Victor Rios
|
0-0: Ball 1-0: Ball 2-0: Foul Ball, location: 2F 2-1: Fly out, F9 (Flyball, 9, EV 86.3 MPH)
|
|
Batting: SHB Luis Quinones
|
0-0: Ball 1-0: Called Strike 1-1: Ball 2-1: Ground out 6-3 (Groundball, 6, EV 104.4 MPH)
|
|
Batting: LHB Mike Pagliarulo
|
0-0: Ball 1-0: Foul Ball, location: 2F 1-1: Swinging Strike 1-2: Ball 2-2: Ball 3-2: Foul Ball, location: 2F 3-2: DOUBLE (Line Drive, 8RXD, EV 108.1 MPH)
|
|
Batting: LHB Jim Adduci
|
0-0: Ball 1-0: Ball 2-0: Foul Ball, location: 2F 2-1: Foul Ball, location: 2F 2-2: Ball 3-2: Strikes out looking
|
| Top of the 1st over - 0 runs, 1 hit, 0 errors, 1 left on base; Tulsa 0 - Denver 0 |
| BOTTOM OF THE 1ST |
|
Denver Bears batting - Pitching for Tulsa Drillers : RHP Luis Garcia
|
|
Pitching: RHP Luis Garcia
|
|
|
Batting: SHB Mitch Webster
|
0-0: Called Strike 0-1: Called Strike 0-2: Strikes out swinging
|
|
Batting: RHB Victor Woods
|
0-0: Called Strike 0-1: Ball 1-1: Ball 2-1: Called Strike 2-2: Foul Ball, location: 2F 2-2: Ground out 2-3 (Groundball, 15S, EV 61.9 MPH)
|
|
Batting: RHB George A Bell
|
0-0: Ball 1-0: Ball 2-0: Ground out 6-3 (Groundball, 6, EV 95.6 MPH)
|
| Bottom of the 1st over - 0 runs, 0 hits, 0 errors, 0 left on base; Tulsa 0 - Denver 0 |
| TOP OF THE 2ND |
|
Tulsa Drillers batting - Pitching for Denver Bears : RHP Chris Rentz
|
|
Batting: SHB Paul Householder
|
0-0: Fly out, F9 (Flyball, 9D, EV 92.5 MPH)
|
|
Batting: RHB Bob E Johnson
|
0-0: Foul Ball, location: 2F 0-1: Ball 1-1: Ball 2-1: TRIPLE (Flyball, 78XD, EV 106.9 MPH)
|
|
Batting: RHB Bob Grandas
|
0-0: Ball 1-0: Ball 2-0: Called Strike 2-1: Fly out, F4 (Popup, 4M, EV 71.9 MPH)
|
|
Batting: RHB Nick Belmonte
|
0-0: Called Strike 0-1: Ball 1-1: Called Strike 1-2: Foul Ball, location: 2F 1-2: Strikes out swinging
|
| Top of the 2nd over - 0 runs, 1 hit, 0 errors, 1 left on base; Tulsa 0 - Denver 0 |
| BOTTOM OF THE 2ND |
|
Denver Bears batting - Pitching for Tulsa Drillers : RHP Luis Garcia
|
|
Batting: LHB Danny Heep
|
0-0: Called Strike 0-1: Swinging Strike 0-2: Ball 1-2: SINGLE (Line Drive, 9LS, EV 103.8 MPH)
|
|
Batting: RHB Juan Alvarez
|
0-0: Ball 1-0: Foul Ball, location: 2F 1-1: Grounds into double play, 4-6-3 (Groundball, 4, EV 88.1 MPH)
|
|
Batting: LHB Larry Donofrio
|
0-0: Foul Ball, location: 2F 0-1: Ground out 6-3 (Groundball, P, EV 80.6 MPH)
|
| Bottom of the 2nd over - 0 runs, 1 hit, 0 errors, 0 left on base; Tulsa 0 - Denver 0 |
| TOP OF THE 3RD |
|
Tulsa Drillers batting - Pitching for Denver Bears : RHP Chris Rentz
|
|
Batting: RHB Kevin Coon
|
0-0: Ball 1-0: Foul Ball, location: 2F 1-1: Called Strike 1-2: Ball 2-2: Ball 3-2: Foul Ball, location: 2F 3-2: Base on Balls
|
|
Batting: RHB Victor Rios
|
0-0: Ball 1-0: Called Strike 1-1: Ball 2-1: Swinging Strike 2-2: Strikes out swinging
|
|
Batting: SHB Luis Quinones
|
0-0: Fly out, F5 (Popup, 15, EV 83.8 MPH)
|
|
Batting: LHB Mike Pagliarulo
|
0-0: Called Strike 0-1: Ball 1-1: Ball 2-1: Foul Ball, location: 2F 2-2: Foul Ball, location: 2F 2-2: Strikes out swinging
|
| Top of the 3rd over - 0 runs, 0 hits, 0 errors, 1 left on base; Tulsa 0 - Denver 0 |
| BOTTOM OF THE 3RD |
|
Denver Bears batting - Pitching for Tulsa Drillers : RHP Luis Garcia
|
|
Batting: RHB Gomez Barahona
|
0-0: Ball 1-0: Swinging Strike 1-1: Foul Ball, location: 2F 1-2: Strikes out swinging
|
|
Batting: LHB Armando Ortiz
|
0-0: Ball 1-0: Fly out, F8 (Flyball, 8LXD, EV 85.0 MPH)
|
|
Batting: RHB Juan Castro
|
0-0: TRIPLE (Flyball, 9LD, EV 109.4 MPH)
|
|
Batting: SHB Mitch Webster
|
0-0: Ball 1-0: Ground out 3-1 (Groundball, 34, EV 78.1 MPH)
|
| Bottom of the 3rd over - 0 runs, 1 hit, 0 errors, 1 left on base; Tulsa 0 - Denver 0 |
| TOP OF THE 4TH |
|
Tulsa Drillers batting - Pitching for Denver Bears : RHP Chris Rentz
|
|
Batting: LHB Jim Adduci
|
0-0: Called Strike 0-1: Swinging Strike 0-2: Strikes out swinging
|
|
Batting: SHB Paul Householder
|
0-0: Called Strike 0-1: Ball 1-1: Ground out 4-3 (Groundball, 4, EV 91.3 MPH)
|
|
Batting: RHB Bob E Johnson
|
0-0: Ball 1-0: Foul Ball, location: 2F 1-1: Foul Ball, location: 2F 1-2: Strikes out swinging
|
| Top of the 4th over - 0 runs, 0 hits, 0 errors, 0 left on base; Tulsa 0 - Denver 0 |
| BOTTOM OF THE 4TH |
|
Denver Bears batting - Pitching for Tulsa Drillers : RHP Luis Garcia
|
|
Batting: RHB Victor Woods
|
0-0: Fly out, F7 (Flyball, 7, EV 88.1 MPH)
|
|
Batting: RHB George A Bell
|
0-0: Called Strike 0-1: Ball 1-1: Ball 2-1: Swinging Strike 2-2: Ground out 6-3 (Groundball, 6, EV 90.0 MPH)
|
|
Batting: LHB Danny Heep
|
0-0: Foul Ball, location: 2F 0-1: Called Strike 0-2: Ball 1-2: Ball 2-2: Ground out U3 (Groundball, 34S, EV 88.1 MPH)
|
| Bottom of the 4th over - 0 runs, 0 hits, 0 errors, 0 left on base; Tulsa 0 - Denver 0 |
| TOP OF THE 5TH |
|
Tulsa Drillers batting - Pitching for Denver Bears : RHP Chris Rentz
|
|
Batting: RHB Bob Grandas
|
0-0: Called Strike 0-1: Swinging Strike 0-2: Ball 1-2: Strikes out swinging
|
|
Batting: RHB Nick Belmonte
|
0-0: Called Strike 0-1: SINGLE (Groundball, 5L, EV 94.4 MPH)
|
|
Batting: RHB Kevin Coon
|
0-0: Ball 1-0: Called Strike 1-1: Foul Ball, location: 2F 1-2: Strikes out swinging
|
|
Batting: RHB Victor Rios
|
0-0: Called Strike 0-1: Ball 1-1: Ball 2-1: Fielders Choice at 2nd, U4 (Groundball, 4M, EV 110.0 MPH)
|
| Top of the 5th over - 0 runs, 1 hit, 0 errors, 1 left on base; Tulsa 0 - Denver 0 |
| BOTTOM OF THE 5TH |
|
Denver Bears batting - Pitching for Tulsa Drillers : RHP Luis Garcia
|
|
Batting: RHB Juan Alvarez
|
0-0: Ball 1-0: Ball 2-0: Swinging Strike 2-1: Ball 3-1: Ground out 6-3 (Groundball, 6, EV 107.5 MPH)
|
|
Batting: LHB Larry Donofrio
|
0-0: Ground out 4-3 (Groundball, 34, EV 86.3 MPH)
|
|
Batting: RHB Gomez Barahona
|
0-0: Ball 1-0: Called Strike 1-1: Foul Ball, location: 2F 1-2: Ball 2-2: Foul Ball, location: 2F 2-2: Ball 3-2: Ground out 6-3 (Groundball, 6, EV 76.9 MPH)
|
| Bottom of the 5th over - 0 runs, 0 hits, 0 errors, 0 left on base; Tulsa 0 - Denver 0 |
| TOP OF THE 6TH |
|
Tulsa Drillers batting - Pitching for Denver Bears : RHP Chris Rentz
|
|
Batting: SHB Luis Quinones
|
0-0: Called Strike 0-1: Ball 1-1: Ball 2-1: Swinging Strike 2-2: Strikes out swinging
|
|
Batting: LHB Mike Pagliarulo
|
0-0: Ball 1-0: Ground out 6-3 (Groundball, 56D, EV 104.4 MPH)
|
|
Batting: LHB Jim Adduci
|
0-0: Ball 1-0: Ball 2-0: Called Strike 2-1: Fly out, F5 (Popup, 56, EV 71.3 MPH)
|
| Top of the 6th over - 0 runs, 0 hits, 0 errors, 0 left on base; Tulsa 0 - Denver 0 |
| BOTTOM OF THE 6TH |
|
Denver Bears batting - Pitching for Tulsa Drillers : RHP Luis Garcia
|
|
Batting: LHB Armando Ortiz
|
0-0: Ball 1-0: Called Strike 1-1: Ball 2-1: Foul Ball, location: 2F 2-2: Ball 3-2: Reached on error, E4 (Groundball, 4, EV 105.0 MPH)
|
|
Batting: RHB Juan Castro
|
0-0: Ball 1-0: Called Strike 1-1: Ball 2-1: Swinging Strike 2-2: Strikes out swinging
|
|
Batting: SHB Mitch Webster
|
0-0: Called Strike 0-1: Called Strike 0-2: Strikes out swinging
|
|
Batting: RHB Victor Woods
|
0-0: Called Strike 0-1: Foul Ball, location: 2F 0-2: Ball 1-2: Strikes out swinging
|
| Bottom of the 6th over - 0 runs, 0 hits, 1 error, 1 left on base; Tulsa 0 - Denver 0 |
| TOP OF THE 7TH |
|
Tulsa Drillers batting - Pitching for Denver Bears : RHP Chris Rentz
|
|
Batting: SHB Paul Householder
|
0-0: Called Strike 0-1: Called Strike 0-2: Ball 1-2: Foul Ball, location: 2F 1-2: Ball 2-2: Ball 3-2: Base on Balls
|
|
Batting: RHB Bob E Johnson
|
0-0: Called Strike Paul Householder is caught stealing 2nd base 2-4 0-1: Ball 1-1: Ball 2-1: Called Strike 2-2: Foul Ball, location: 2F 2-2: Foul Ball, location: 2F 2-2: Strikes out looking
|
|
Batting: RHB Bob Grandas
|
0-0: Ball 1-0: Ground out 5-3 (Groundball, 56, EV 86.3 MPH)
|
| Top of the 7th over - 0 runs, 0 hits, 0 errors, 0 left on base; Tulsa 0 - Denver 0 |
| BOTTOM OF THE 7TH |
|
Denver Bears batting - Pitching for Tulsa Drillers : RHP Luis Garcia
|
|
Batting: RHB George A Bell
|
0-0: Fly out, F6 (Popup, P, EV 91.3 MPH)
|
|
Batting: LHB Danny Heep
|
0-0: Foul Ball, location: 2F 0-1: Ball 1-1: Swinging Strike 1-2: Strikes out swinging
|
|
Batting: RHB Juan Alvarez
|
0-0: Foul Ball, location: 2F 0-1: Swinging Strike 0-2: Foul Ball, location: 2F 0-2: Ball 1-2: Ball 2-2: Ground out 6-3 (Groundball, 6S, EV 78.1 MPH)
|
| Bottom of the 7th over - 0 runs, 0 hits, 0 errors, 0 left on base; Tulsa 0 - Denver 0 |
| TOP OF THE 8TH |
|
Tulsa Drillers batting - Pitching for Denver Bears : RHP Chris Rentz
|
|
Batting: RHB Nick Belmonte
|
0-0: Called Strike 0-1: Swinging Strike 0-2: Fly out, F8 (Flyball, 8RXD, EV 89.4 MPH)
|
|
Batting: RHB Kevin Coon
|
0-0: Called Strike 0-1: Ball 1-1: Foul Ball, location: 2F 1-2: Ground out 4-3 (Groundball, 34, EV 78.1 MPH)
|
|
Batting: RHB Victor Rios
|
0-0: Ground out 4-3 (Groundball, 4, EV 81.9 MPH)
|
| Top of the 8th over - 0 runs, 0 hits, 0 errors, 0 left on base; Tulsa 0 - Denver 0 |
| BOTTOM OF THE 8TH |
|
Denver Bears batting - Pitching for Tulsa Drillers : RHP Luis Garcia
|
|
Batting: LHB Larry Donofrio
|
0-0: Ball 1-0: Ball 2-0: Foul Ball, location: 2F 2-1: Swinging Strike 2-2: Strikes out swinging
|
|
Batting: RHB Gomez Barahona
|
0-0: Ball 1-0: Foul Ball, location: 2F 1-1: Ball 2-1: Ball 3-1: Swinging Strike 3-2: Foul Ball, location: 2F 3-2: Ground out 6-3 (Groundball, 6, EV 96.3 MPH)
|
|
Batting: LHB Armando Ortiz
|
0-0: Ball 1-0: Ball 2-0: Called Strike 2-1: Foul Ball, location: 2F 2-2: Ball 3-2: SINGLE (Groundball, 4MD, EV 94.4 MPH)
|
|
Batting: RHB Juan Castro
|
0-0: Ball 1-0: Foul Ball, location: 2F 1-1: Fielders Choice at 2nd, U6 (Groundball, 6M, EV 85.0 MPH)
|
| Bottom of the 8th over - 0 runs, 1 hit, 0 errors, 1 left on base; Tulsa 0 - Denver 0 |
| TOP OF THE 9TH |
|
Tulsa Drillers batting - Pitching for Denver Bears : RHP Chris Rentz
|
|
Pitching: LHP Jake Zorbas
|
|
|
Batting: SHB Luis Quinones
|
0-0: Ball 1-0: Ball 2-0: Called Strike 2-1: Ball 3-1: Fly out, F7 (Flyball, 78M, EV 76.9 MPH)
|
|
Batting: LHB Mike Pagliarulo
|
0-0: SINGLE (Line Drive, 56, EV 100.0 MPH)
|
|
Batting: LHB Jim Adduci
|
0-0: Called Strike 0-1: Ball 1-1: Foul Ball, location: 2F 1-2: Foul Ball, location: 2F 1-2: Strikes out swinging
|
|
Batting: SHB Paul Householder
|
0-0: Called Strike 0-1: Ball 1-1: Called Strike 1-2: Ball 2-2: Fly out, F9 (Flyball, 9D, EV 81.9 MPH)
|
| Top of the 9th over - 0 runs, 1 hit, 0 errors, 1 left on base; Tulsa 0 - Denver 0 |
| BOTTOM OF THE 9TH |
|
Denver Bears batting - Pitching for Tulsa Drillers : RHP Luis Garcia
|
|
Batting: SHB Mitch Webster
|
0-0: Fly out, F5 (Popup, 56, EV 73.1 MPH)
|
|
Batting: SHB Mark Gilbert
|
0-0: Called Strike 0-1: SINGLE (Groundball, 34D, EV 96.9 MPH)
|
|
Batting: RHB George A Bell
|
0-0: Called Strike 0-1: Foul Ball, location: 2F 0-2: Strikes out swinging
|
|
Batting: LHB Danny Heep
|
0-0: Ball 1-0: Ball 2-0: Fly out, F8 (Flyball, 8LS, EV 88.8 MPH)
|
| Bottom of the 9th over - 0 runs, 1 hit, 0 errors, 1 left on base; Tulsa 0 - Denver 0 |
| TOP OF THE 10TH |
|
Tulsa Drillers batting - Pitching for Denver Bears : LHP Jake Zorbas
|
|
Batting: RHB Bob E Johnson
|
0-0: Ball 1-0: Called Strike 1-1: Foul Ball, location: 2F 1-2: Strikes out swinging
|
|
Batting: RHB Bob Grandas
|
0-0: Called Strike 0-1: Ball 1-1: Foul Ball, location: 2F 1-2: Ball 2-2: Foul Ball, location: 2F 2-2: SINGLE (Line Drive, 6M, EV 96.3 MPH)
|
|
Batting: RHB Nick Belmonte
|
0-0: Ball 1-0: Called Strike 1-1: Ball 2-1: Foul Ball, location: 2F 2-2: Fielders Choice at 2nd, 6-4 (Groundball, 6, EV 87.5 MPH)
|
|
Batting: RHB Kevin Coon
|
0-0: Ball 1-0: Foul Ball, location: 2F 1-1: Ball 2-1: Ball 3-1: Foul Ball, location: 2F 3-2: Base on Balls Nick Belmonte to second
|
|
Batting: RHB Victor Rios
|
0-0: Swinging Strike 0-1: Swinging Strike 0-2: Ball 1-2: Foul Ball, location: 2F 1-2: Ball 2-2: Ground out 5-3 (Groundball, 25, EV 83.1 MPH)
|
| Top of the 10th over - 0 runs, 1 hit, 0 errors, 2 left on base; Tulsa 0 - Denver 0 |
| BOTTOM OF THE 10TH |
|
Denver Bears batting - Pitching for Tulsa Drillers : RHP Luis Garcia
|
|
Batting: RHB Juan Alvarez
|
0-0: Ball 1-0: Ground out 6-3 (Groundball, 56, EV 106.3 MPH)
|
|
Batting: LHB Larry Donofrio
|
0-0: Foul Ball, location: 2F 0-1: Ball 1-1: Reached via error on a dropped throw from 2B, E3 (Groundball, 4, EV 100.0 MPH)
|
|
Pinch Hitting: LHB Tom Beyers
|
0-0: Ball 1-0: Grounds into double play, 4-6-3 (Groundball, 4, EV 87.5 MPH)
|
| Bottom of the 10th over - 0 runs, 0 hits, 1 error, 0 left on base; Tulsa 0 - Denver 0 |
| TOP OF THE 11TH |
|
Tulsa Drillers batting - Pitching for Denver Bears : LHP Jake Zorbas
|
|
Pitching: RHP Bob Cabrera
|
|
|
Now at 2B: Adolfo Feliz
|
|
|
Batting: SHB Luis Quinones
|
0-0: Called Strike 0-1: Called Strike 0-2: Strikes out swinging
|
|
Batting: LHB Mike Pagliarulo
|
0-0: Called Strike 0-1: Ball 1-1: Ball 2-1: Called Strike 2-2: Ball 3-2: Foul Ball, location: 2F 3-2: Base on Balls
|
|
Batting: LHB Jim Adduci
|
0-0: Ball 1-0: SINGLE (Groundball, 4MD, EV 98.1 MPH) Mike Pagliarulo to second Runner from 2nd tries for 3rd, SAFE, no throw by CF
|
|
Batting: SHB Paul Householder
|
0-0: Called Strike 0-1: Foul Ball, location: 2F 0-2: Ball 1-2: SINGLE (Line Drive, 5D, EV 98.1 MPH) Mike Pagliarulo scores Jim Adduci to second
|
|
Batting: RHB Bob E Johnson
|
0-0: Ball 1-0: Ball 2-0: Called Strike 2-1: Fly out, F6 (Popup, 4M, EV 56.9 MPH)
|
|
Batting: RHB Bob Grandas
|
0-0: Ball 1-0: Ball 2-0: Foul Ball, location: 2F 2-1: Ball 3-1: Foul Ball, location: 2F 3-2: Foul Ball, location: 2F 3-2: Ground out 6-3 (Groundball, 6S, EV 61.3 MPH)
|
| Top of the 11th over - 1 run, 2 hits, 0 errors, 2 left on base; Tulsa 1 - Denver 0 |
| BOTTOM OF THE 11TH |
|
Denver Bears batting - Pitching for Tulsa Drillers : RHP Luis Garcia
|
|
Now at 2B: Oscar Cordero
|
|
|
Batting: LHB Armando Ortiz
|
0-0: Called Strike 0-1: Foul Ball, location: 2F 0-2: Ball 1-2: Ground out 6-3 (Groundball, 6MD, EV 106.9 MPH)
|
|
Batting: RHB Juan Castro
|
0-0: Ball 1-0: Ball 2-0: Swinging Strike 2-1: Ground out U3 (Groundball, 3, EV 86.9 MPH)
|
|
Batting: SHB Mitch Webster
|
0-0: Ball 1-0: Foul Ball, location: 2F 1-1: Swinging Strike 1-2: Ball 2-2: Ball 3-2: Foul Ball, location: 2F 3-2: Base on Balls
|
|
Batting: SHB Mark Gilbert
|
0-0: Swinging Strike 0-1: SINGLE (Flyball, 34D, EV 96.3 MPH) Mitch Webster to second Runner from 2nd tries for 3rd, SAFE, throw by RF made to third
|
|
Batting: RHB George A Bell
|
0-0: Fielders Choice at 2nd, 6-4 (Groundball, 56, EV 103.1 MPH)
|
| Bottom of the 11th over - 0 runs, 1 hit, 0 errors, 2 left on base; Tulsa 1 - Denver 0 |
|